[ AOE2 MATCH · #483723926 ]
UnrankedAztecs vs Malians
[ REPLAY ANALYSIS · EXTRACTED FROM THE RECORDED GAME ]
Feudal
—
Castle
—
Imperial
—
| APM avg | 11.6 |
| APM peak | 36 |
| eAPM avg | 8.4 |
| Villagers / military | 65 / 32 |
Focus
⚔️ 25.5% · 🌾 74.5%
Spearman ×12 · Mangonel ×7 · Battering Ram ×6 · Militia ×4 · Jaguar Warrior ×3
Feudal
12:53
Castle
16:48
Imperial
31:17
| APM avg | 36.2 |
| APM peak | 99 |
| eAPM avg | 22.3 |
| Villagers / military | 114 / 161 |
Focus
⚔️ 38.4% · 🌾 61.6%
Mameluke ×101 · Skirmisher ×18 · Trebuchet (Packed) ×18 · Scout Cavalry ×11 · Monk ×5 · Camel Scout ×5
Feudal
10:30
Castle
16:23
Imperial
43:24
| APM avg | 30.3 |
| APM peak | 76 |
| eAPM avg | 15.7 |
| Villagers / military | 132 / 57 |
Focus
⚔️ 22.0% · 🌾 78.0%
Gbeto ×55 · Petard ×2
Feudal
12:26
Castle
17:52
Imperial
34:21
| APM avg | 24.2 |
| APM peak | 75 |
| eAPM avg | 16.3 |
| Villagers / military | 151 / 230 |
Focus
⚔️ 20.1% · 🌾 79.9%
Skirmisher ×127 · Berserk ×87 · Archer ×5 · Battering Ram ×4 · Trebuchet (Packed) ×3 · Scorpion ×2
Feudal
11:00
Castle
15:16
Imperial
—
| APM avg | 15.9 |
| APM peak | 33 |
| eAPM avg | 10.0 |
| Villagers / military | 90 / 48 |
Focus
⚔️ 27.7% · 🌾 72.3%
Knight ×19 · Scout Cavalry ×15 · Obuch ×12 · Spearman ×2
Feudal
10:40
Castle
15:37
Imperial
—
| APM avg | 21.9 |
| APM peak | 66 |
| eAPM avg | 14.3 |
| Villagers / military | 91 / 50 |
Focus
⚔️ 21.2% · 🌾 78.8%
Battering Ram ×16 · Skirmisher ×11 · Ballista Elephant ×10 · Petard ×7 · Spearman ×4 · Monk ×2
Match map
Initial resources + every placement click. Lines = walls · curves = elevation contours. ◆ gold · ⬟ stone · ● berries · ✦ relic · ◌ wall gap
Your base· ✓ Closed at 16:58 · 0t walls · 2 gate(s)
Co-Yeyo's base· ✓ Closed at 16:48 · 0t walls · 3 gate(s)
Surtido Bagley's base· ✓ Closed at 16:23 · 0t walls · 2 gate(s)
fedeginard's base· ✓ Closed at 17:52 · 0t walls · 3 gate(s)
mfubu's base· ✓ Closed at 15:16 · 0t walls · 2 gate(s)
SolMat's base· ✓ Closed at 15:37 · 0t walls · 2 gate(s)
Smoothed initial terrain · ◌ = detected wall gap · hover for details
Inputs per minute
— ScottWardo - - Co-Yeyo
Build order — ScottWardo
First 150 of 182 actions detected
| 0:02 | Create | Villager (Male) |
| 0:03 | Create | Villager (Male) |
| 0:03 | Create | Villager (Male) |
| 0:03 | Create | Villager (Male) |
| 0:07 | Build | House |
| 0:10 | Build | House |
| 1:51 | Create | Villager (Male) |
| 2:32 | Create | Villager (Male) |
| 2:33 | Create | Villager (Male) |
| 3:11 | Create | Villager (Male) |
| 3:12 | Create | Villager (Male) |
| 3:41 | Create | Villager (Male) |
| 4:03 | Build | House |
| 4:06 | Build | House |
| 4:26 | Create | Villager (Male) |
| 4:26 | Create | Villager (Male) |
| 4:36 | Create | Villager (Male) |
| 4:54 | Create | Villager (Male) |
| 5:17 | Build | Mill |
| 5:19 | Create | Villager (Male) |
| 5:45 | Build | Lumber Camp |
| 5:47 | Create | Villager (Male) |
| 6:25 | Create | Villager (Male) |
| 6:53 | Create | Villager (Male) |
| 7:28 | Create | Villager (Male) |
| 7:58 | Create | Villager (Male) |
| 7:58 | Create | Villager (Male) |
| 7:58 | Create | Villager (Male) |
| 7:58 | Create | Villager (Male) |
| 8:37 | Build | Mining Camp |
| 8:58 | Build | Mill |
| 9:18 | Build | House |
| 9:22 | Research | Feudal Age |
| 11:35 | Create | Villager (Male) |
| 11:36 | Create | Villager (Male) |
| 11:36 | Create | Villager (Male) |
| 11:54 | Build | House |
| 11:56 | Build | House |
| 11:58 | Build | House |
| 12:08 | Build | Farm |
| 12:22 | Create | Villager (Male) |
| 12:32 | Build | Barracks |
| 12:38 | Build | House |
| 12:41 | Build | House |
| 13:01 | Create | Villager (Male) |
| 13:06 | Research | Loom |
| 13:20 | Build | Farm |
| 13:21 | Build | Farm |
| 13:21 | Build | Farm |
| 13:21 | Build | Farm |
| 13:21 | Build | Farm |
| 13:22 | Build | Farm |
| 13:23 | Build | Farm |
| 13:24 | Build | Farm |
| 13:35 | Create | Villager (Male) |
| 13:37 | Create | Villager (Male) |
| 14:09 | Build | Farm |
| 14:14 | Build | Farm |
| 14:15 | Build | Farm |
| 14:15 | Build | Farm |
| 14:16 | Build | Farm |
| 14:16 | Build | Farm |
| 14:16 | Build | Farm |
| 14:16 | Build | Farm |
| 14:17 | Build | Farm |
| 14:17 | Build | Farm |
| 14:17 | Build | Farm |
| 14:17 | Build | Farm |
| 14:18 | Build | Farm |
| 14:18 | Build | Farm |
| 14:18 | Build | Farm |
| 14:18 | Build | Farm |
| 14:19 | Build | Farm |
| 14:19 | Build | Farm |
| 14:19 | Build | Farm |
| 14:19 | Build | Farm |
| 14:20 | Build | Farm |
| 14:20 | Build | Farm |
| 14:20 | Build | Farm |
| 14:21 | Build | Farm |
| 14:22 | Build | Farm |
| 14:24 | Research | Double-Bit Axe |
| 14:34 | Create | Villager (Male) |
| 14:35 | Create | Villager (Male) |
| 14:35 | Create | Villager (Male) |
| 14:45 | Build | Farm |
| 15:04 | Build | Farm |
| 15:39 | Build | Blacksmith |
| 15:42 | Research | Man-at-Arms (upgrade) |
| 15:57 | Create | Villager (Male) |
| 16:16 | Build | Archery Range |
| 16:26 | Create | Spearman |
| 16:26 | Create | Spearman |
| 16:58 | Research | Castle Age |
| 17:20 | Create | Militia |
| 17:20 | Create | Militia |
| 18:10 | Create | Militia |
| 18:10 | Create | Militia |
| 18:23 | Create | Spearman |
| 18:24 | Create | Spearman |
| 18:56 | Build | Barracks |
| 19:04 | Research | Forging |
| 19:04 | Research | Scale Mail Armor |
| 19:21 | Research | Gold Mining |
| 19:45 | Build | Town Center |
| 19:55 | Build | Siege Workshop |
| 20:00 | Research | Pikeman (upgrade) |
| 20:01 | Research | Squires |
| 20:05 | Build | Farm |
| 20:42 | Create | Villager (Male) |
| 20:42 | Create | Villager (Male) |
| 20:55 | Create | Mangonel |
| 21:35 | Build | Town Center |
| 22:12 | Create | Villager (Male) |
| 22:12 | Create | Villager (Male) |
| 22:13 | Create | Villager (Male) |
| 22:13 | Create | Villager (Male) |
| 22:14 | Create | Mangonel |
| 22:23 | Create | Spearman |
| 22:23 | Create | Spearman |
| 22:24 | Create | Spearman |
| 22:34 | Research | Stone Mining |
| 22:36 | Research | Horse Collar |
| 22:40 | Build | Farm |
| 22:40 | Build | Farm |
| 22:40 | Build | Farm |
| 22:41 | Build | Farm |
| 23:06 | Build | Farm |
| 23:09 | Create | Villager (Male) |
| 23:09 | Create | Villager (Male) |
| 23:25 | Create | Mangonel |
| 23:43 | Build | Farm |
| 23:44 | Build | Farm |
| 23:44 | Build | Farm |
| 23:46 | Create | Villager (Male) |
| 23:46 | Create | Villager (Male) |
| 23:53 | Create | Villager (Male) |
| 23:53 | Create | Villager (Male) |
| 24:56 | Create | Spearman ×5 |
| 25:12 | Create | Villager (Male) |
| 25:12 | Create | Villager (Male) |
| 25:12 | Create | Villager (Male) |
| 26:06 | Create | Mangonel |
| 26:07 | Create | Mangonel |
| 27:27 | Create | Villager (Male) |
| 27:27 | Create | Villager (Male) |
| 27:27 | Create | Villager (Male) |
| 27:50 | Create | Villager (Male) |
| 27:50 | Create | Villager (Male) |
| 27:50 | Create | Villager (Male) |
Build order — Co-Yeyo
First 150 of 408 actions detected
| 0:02 | Create | Villager (Male) |
| 0:03 | Create | Villager (Male) |
| 0:04 | Build | House |
| 0:06 | Build | House |
| 0:13 | Create | Villager (Male) |
| 0:13 | Create | Villager (Male) |
| 0:13 | Create | Villager (Male) |
| 1:45 | Create | Villager (Male) |
| 1:51 | Research | Loom |
| 2:02 | Create | Villager (Male) |
| 2:24 | Create | Villager (Male) |
| 2:39 | Build | Lumber Camp |
| 2:56 | Create | Villager (Male) |
| 3:14 | Create | Villager (Male) |
| 3:42 | Create | Villager (Male) |
| 4:03 | Build | House |
| 4:04 | Build | House |
| 4:06 | Build | House |
| 4:06 | Create | Villager (Male) |
| 4:40 | Create | Villager (Male) |
| 5:12 | Build | Mill |
| 5:28 | Create | Villager (Male) |
| 6:03 | Create | Villager (Male) |
| 6:03 | Create | Villager (Male) |
| 6:03 | Create | Villager (Male) |
| 7:06 | Create | Villager (Male) |
| 7:43 | Create | Villager (Male) |
| 7:58 | Create | Villager (Male) |
| 8:13 | Create | Villager (Male) |
| 8:40 | Create | Villager (Male) |
| 9:25 | Create | Villager (Male) |
| 9:53 | Create | Villager (Male) |
| 9:59 | Create | Villager (Male) |
| 10:35 | Research | Feudal Age |
| 10:58 | Build | Mill |
| 11:03 | Create | Villager (Male) |
| 11:03 | Create | Villager (Male) |
| 11:43 | Build | House |
| 12:10 | Create | Villager (Male) |
| 12:10 | Create | Villager (Male) |
| 12:53 | Age | Feudal Age |
| 12:59 | Build | Market |
| 13:02 | Build | Blacksmith |
| 13:12 | Build | Farm |
| 13:13 | Build | Farm |
| 13:18 | Build | Farm |
| 13:19 | Build | Farm |
| 13:21 | Build | Farm |
| 13:29 | Build | Farm |
| 13:35 | Build | Mining Camp |
| 13:49 | Research | Castle Age |
| 14:03 | Research | Double-Bit Axe |
| 14:13 | Research | Horse Collar |
| 14:13 | Research | Horse Collar |
| 14:51 | Build | House |
| 14:53 | Build | House |
| 15:28 | Create | Villager (Male) |
| 15:28 | Create | Villager (Male) |
| 15:54 | Build | House |
| 15:56 | Build | House |
| 16:02 | Create | Villager (Male) |
| 16:33 | Build | House |
| 16:48 | Age | Castle Age |
| 16:52 | Build | Monastery |
| 16:53 | Create | Villager (Male) |
| 16:58 | Build | Town Center |
| 17:08 | Create | Villager (Male) |
| 17:22 | Research | Gold Mining |
| 17:26 | Research | Stone Mining |
| 17:27 | Research | Stone Mining |
| 17:28 | Create | Villager (Male) |
| 17:38 | Create | Villager (Male) |
| 17:42 | Build | Farm |
| 17:49 | Create | Monk |
| 17:49 | Create | Monk |
| 17:50 | Create | Monk |
| 18:02 | Create | Villager (Male) |
| 18:02 | Create | Villager (Male) |
| 18:02 | Create | Villager (Male) |
| 18:09 | Build | Farm |
| 18:15 | Build | Farm |
| 18:17 | Create | Villager (Male) |
| 18:17 | Create | Villager (Male) |
| 18:21 | Create | Villager (Male) |
| 18:32 | Build | House |
| 18:33 | Build | House |
| 18:34 | Create | Villager (Male) |
| 19:00 | Create | Villager (Male) |
| 19:03 | Build | Farm |
| 19:06 | Build | Farm |
| 19:15 | Create | Villager (Male) |
| 19:15 | Create | Villager (Male) |
| 19:43 | Build | Barracks |
| 19:45 | Create | Villager (Male) |
| 19:45 | Create | Villager (Male) |
| 20:31 | Build | Stable |
| 20:39 | Create | Villager (Male) |
| 20:48 | Research | Fletching |
| 20:48 | Create | Villager (Male) |
| 20:49 | Create | Villager (Male) |
| 20:49 | Create | Villager (Male) |
| 20:57 | Create | Villager (Male) |
| 20:58 | Create | Villager (Male) |
| 21:05 | Build | Farm |
| 21:07 | Build | Farm |
| 21:08 | Build | Farm |
| 21:19 | Create | Camel Scout |
| 21:20 | Create | Camel Scout |
| 21:20 | Create | Camel Scout |
| 21:37 | Build | Archery Range |
| 21:49 | Create | Villager (Male) |
| 21:55 | Create | Villager (Male) |
| 21:56 | Create | Villager (Male) |
| 22:05 | Create | Villager (Male) |
| 22:05 | Create | Villager (Male) |
| 22:08 | Build | Farm |
| 22:09 | Build | Farm |
| 22:11 | Build | Farm |
| 22:18 | Create | Skirmisher |
| 22:18 | Create | Skirmisher |
| 22:29 | Create | Skirmisher |
| 22:43 | Build | House |
| 22:44 | Build | House |
| 22:56 | Research | Scale Barding Armor |
| 22:58 | Create | Skirmisher |
| 22:59 | Research | Elite Skirmisher (upgrade) |
| 23:11 | Build | Farm |
| 23:14 | Build | Farm |
| 23:18 | Create | Villager (Male) |
| 24:01 | Research | Chain Barding Armor |
| 24:01 | Research | Chain Barding Armor |
| 24:13 | Create | Villager (Male) |
| 24:14 | Create | Villager (Male) |
| 24:24 | Build | Town Center |
| 24:31 | Build | Mining Camp |
| 24:33 | Create | Villager (Male) |
| 24:38 | Build | Farm |
| 24:39 | Build | Farm |
| 24:41 | Build | Farm |
| 25:02 | Create | Skirmisher |
| 25:03 | Create | Skirmisher |
| 25:03 | Create | Villager (Male) |
| 25:03 | Create | Villager (Male) |
| 25:04 | Create | Villager (Male) |
| 25:09 | Build | Farm |
| 25:10 | Build | Farm |
| 25:11 | Build | Farm |
| 25:19 | Build | Farm |
| 25:20 | Build | Farm |
| 25:21 | Build | Farm |
Build order — Surtido Bagley
First 150 of 304 actions detected
| 0:01 | Create | Villager (Male) |
| 0:01 | Create | Villager (Male) |
| 0:01 | Create | Villager (Male) |
| 0:02 | Create | Villager (Male) |
| 0:03 | Build | House |
| 0:05 | Build | House |
| 1:35 | Create | Villager (Male) |
| 1:36 | Create | Villager (Male) |
| 1:57 | Build | Lumber Camp |
| 2:06 | Create | Villager (Male) |
| 2:06 | Create | Villager (Male) |
| 2:07 | Create | Villager (Male) |
| 2:24 | Create | Villager (Male) |
| 2:24 | Create | Villager (Male) |
| 3:08 | Research | Loom |
| 3:32 | Create | Villager (Male) |
| 3:33 | Create | Villager (Male) |
| 3:33 | Create | Villager (Male) |
| 4:28 | Create | Villager (Male) |
| 4:28 | Create | Villager (Male) |
| 4:29 | Create | Villager (Male) |
| 4:29 | Create | Villager (Male) |
| 4:54 | Create | Villager (Male) |
| 4:54 | Create | Villager (Male) |
| 4:55 | Create | Villager (Male) |
| 5:01 | Build | Mill |
| 5:34 | Build | House |
| 5:36 | Build | House |
| 6:32 | Create | Villager (Male) |
| 7:16 | Create | Villager (Male) |
| 8:20 | Research | Feudal Age |
| 8:24 | Create | Villager (Male) |
| 8:50 | Build | Mining Camp |
| 10:30 | Age | Feudal Age |
| 10:40 | Create | Villager (Male) |
| 11:56 | Create | Villager (Male) |
| 12:08 | Create | Villager (Male) |
| 12:32 | Build | Market |
| 12:39 | Build | Blacksmith |
| 12:45 | Create | Villager (Male) |
| 13:43 | Research | Castle Age |
| 13:55 | Build | House |
| 15:29 | Research | Town Watch |
| 16:23 | Create | Villager (Male) |
| 16:23 | Age | Castle Age |
| 16:51 | Build | Castle |
| 17:02 | Build | Mining Camp |
| 17:19 | Build | Stone Wall |
| 17:27 | Create | Villager (Male) |
| 17:27 | Create | Villager (Male) |
| 17:43 | Build | Gate |
| 17:55 | Create | Villager (Male) |
| 17:56 | Create | Villager (Male) |
| 18:17 | Create | Gbeto |
| 18:18 | Create | Gbeto |
| 18:18 | Create | Gbeto |
| 18:28 | Create | Gbeto |
| 18:28 | Create | Gbeto |
| 18:28 | Create | Gbeto |
| 18:29 | Create | Gbeto |
| 18:54 | Build | Farm |
| 18:54 | Build | Farm |
| 18:55 | Build | Farm |
| 18:55 | Build | Farm |
| 19:29 | Build | Farm |
| 20:35 | Create | Villager (Male) |
| 20:36 | Create | Villager (Male) |
| 20:36 | Create | Villager (Male) |
| 20:45 | Build | House |
| 20:49 | Build | House |
| 20:52 | Build | House |
| 20:55 | Build | House |
| 21:14 | Build | Stone Wall |
| 21:40 | Create | Villager (Male) |
| 21:40 | Create | Villager (Male) |
| 21:47 | Create | Villager (Male) |
| 21:47 | Create | Villager (Male) |
| 22:27 | Build | Barracks |
| 22:30 | Build | Farm |
| 22:43 | Create | Villager (Male) |
| 22:43 | Create | Villager (Male) |
| 22:44 | Create | Villager (Male) |
| 23:40 | Build | Town Center |
| 23:40 | Create | Villager (Male) |
| 23:41 | Create | Villager (Male) |
| 23:44 | Create | Gbeto |
| 24:26 | Create | Villager (Male) |
| 24:27 | Create | Villager (Male) |
| 25:15 | Build | Gate |
| 25:29 | Create | Villager (Male) |
| 25:30 | Create | Villager (Male) |
| 25:44 | Create | Gbeto |
| 25:44 | Create | Gbeto |
| 25:44 | Create | Gbeto |
| 25:44 | Create | Gbeto |
| 26:00 | Research | Scale Mail Armor |
| 26:12 | Build | Farm |
| 26:22 | Create | Villager (Male) |
| 26:22 | Create | Villager (Male) |
| 26:31 | Research | Forging |
| 26:32 | Create | Villager (Male) |
| 26:33 | Create | Villager (Male) |
| 27:00 | Create | Gbeto |
| 27:00 | Create | Gbeto |
| 27:00 | Create | Gbeto |
| 27:54 | Create | Villager (Male) |
| 27:54 | Create | Villager (Male) |
| 27:54 | Create | Villager (Male) |
| 28:11 | Create | Villager (Male) |
| 28:12 | Create | Villager (Male) |
| 28:16 | Build | Lumber Camp |
| 28:23 | Create | Gbeto |
| 28:24 | Create | Gbeto |
| 28:24 | Create | Gbeto |
| 28:37 | Create | Gbeto |
| 28:37 | Create | Gbeto |
| 28:46 | Build | Farm |
| 29:05 | Create | Gbeto |
| 29:05 | Create | Gbeto |
| 29:06 | Create | Gbeto |
| 29:22 | Build | Farm |
| 29:22 | Build | Farm |
| 29:23 | Build | Farm |
| 29:23 | Build | Farm |
| 29:23 | Build | Farm |
| 29:23 | Build | Farm |
| 29:26 | Create | Villager (Male) |
| 29:47 | Create | Villager (Male) |
| 29:47 | Create | Villager (Male) |
| 29:47 | Create | Villager (Male) |
| 30:30 | Create | Gbeto |
| 30:30 | Create | Gbeto |
| 31:07 | Create | Petard |
| 31:07 | Create | Petard |
| 31:29 | Create | Villager (Male) |
| 31:29 | Create | Villager (Male) |
| 31:29 | Create | Villager (Male) |
| 31:38 | Build | Farm |
| 31:39 | Build | Farm |
| 31:39 | Build | Farm |
| 31:39 | Build | Farm |
| 31:40 | Create | Villager (Male) |
| 31:41 | Create | Villager (Male) |
| 31:41 | Create | Villager (Male) |
| 31:51 | Research | Iron Casting |
| 31:52 | Create | Villager (Male) |
| 32:02 | Create | Gbeto |
| 32:02 | Create | Gbeto |
| 32:03 | Create | Gbeto |
| 32:24 | Create | Gbeto |
Build order — fedeginard
First 150 of 272 actions detected
| 0:13 | Build | House |
| 0:15 | Build | House |
| 0:27 | Create | Villager (Male) ×4 |
| 0:27 | Create | Villager (Male) ×4 |
| 2:00 | Create | Villager (Male) |
| 2:00 | Create | Villager (Male) |
| 2:24 | Create | Villager (Male) |
| 2:25 | Create | Villager (Male) |
| 2:38 | Build | House |
| 2:45 | Build | Lumber Camp |
| 2:57 | Create | Villager (Male) |
| 2:58 | Create | Villager (Male) |
| 3:03 | Build | House |
| 3:10 | Create | Villager (Male) |
| 3:10 | Create | Villager (Male) |
| 3:31 | Create | Villager (Male) |
| 3:31 | Create | Villager (Male) |
| 4:01 | Create | Villager (Male) |
| 4:02 | Create | Villager (Male) |
| 4:23 | Create | Villager (Male) ×2 |
| 4:24 | Create | Villager (Male) ×2 |
| 5:12 | Create | Villager (Male) |
| 5:12 | Create | Villager (Male) |
| 5:37 | Create | Villager (Male) ×2 |
| 5:37 | Create | Villager (Male) ×2 |
| 7:02 | Build | Mill |
| 7:04 | Create | Villager (Male) |
| 7:45 | Create | Villager (Male) ×4 |
| 7:45 | Create | Villager (Male) ×4 |
| 8:29 | Build | House |
| 8:44 | Build | Farm |
| 8:46 | Build | Farm |
| 9:01 | Research | Loom |
| 9:03 | Build | Farm |
| 9:06 | Build | House |
| 9:17 | Create | Villager (Male) |
| 9:31 | Build | Farm |
| 9:38 | Create | Villager (Male) |
| 9:54 | Build | Farm |
| 10:12 | Build | Mill |
| 10:16 | Research | Feudal Age |
| 12:26 | Age | Feudal Age |
| 12:38 | Create | Villager (Male) |
| 12:38 | Create | Villager (Male) |
| 12:55 | Build | Market |
| 13:07 | Build | Mining Camp |
| 13:15 | Build | Blacksmith |
| 13:27 | Create | Villager (Male) |
| 13:28 | Create | Villager (Male) |
| 13:55 | Research | Double-Bit Axe |
| 14:36 | Research | Horse Collar |
| 14:45 | Create | Villager (Male) |
| 14:53 | Build | House |
| 15:12 | Research | Castle Age |
| 15:34 | Research | Stone Mining |
| 15:48 | Build | Mining Camp |
| 17:17 | Research | Loom |
| 17:24 | Create | Villager (Male) ×5 |
| 17:52 | Age | Castle Age |
| 18:58 | Build | Castle |
| 19:21 | Build | Town Center |
| 19:24 | Research | Bow Saw |
| 19:27 | Research | Heavy Plow |
| 19:29 | Create | Villager (Male) ×4 |
| 19:46 | Build | University |
| 20:00 | Build | Farm |
| 20:04 | Build | Farm |
| 20:06 | Create | Villager (Male) |
| 20:06 | Create | Villager (Male) |
| 20:24 | Build | House |
| 20:26 | Build | House |
| 20:34 | Build | Palisade Wall |
| 20:39 | Build | House |
| 21:23 | Build | Farm |
| 21:24 | Build | Farm |
| 21:26 | Build | Farm |
| 21:31 | Create | Berserk ×3 |
| 21:31 | Create | Berserk ×3 |
| 22:03 | Build | Siege Workshop |
| 22:15 | Create | Berserk ×2 |
| 22:15 | Create | Berserk ×2 |
| 22:23 | Research | Ballistics |
| 22:37 | Create | Scorpion |
| 22:37 | Create | Scorpion |
| 23:17 | Build | Barracks |
| 23:31 | Research | Forging |
| 23:41 | Build | Farm |
| 23:43 | Build | Farm |
| 23:48 | Build | Farm |
| 24:03 | Build | Siege Workshop |
| 24:23 | Create | Battering Ram |
| 24:23 | Create | Battering Ram |
| 24:35 | Build | Siege Workshop |
| 24:39 | Create | Berserk ×5 |
| 24:39 | Create | Berserk ×5 |
| 24:45 | Create | Villager (Male) |
| 24:53 | Create | Villager (Male) |
| 24:53 | Create | Villager (Male) |
| 25:11 | Build | Lumber Camp |
| 25:39 | Create | Villager (Male) ×5 |
| 25:40 | Create | Villager (Male) ×5 |
| 25:54 | Create | Battering Ram |
| 26:26 | Create | Battering Ram |
| 27:48 | Create | Villager (Male) ×5 |
| 28:05 | Create | Villager (Male) ×5 |
| 28:12 | Research | Gold Mining |
| 28:24 | Research | Murder Holes |
| 28:28 | Build | Farm |
| 28:48 | Build | Farm |
| 29:02 | Build | Castle |
| 29:08 | Build | Farm |
| 29:40 | Build | Farm |
| 29:57 | Research | Fletching |
| 30:12 | Build | Farm |
| 30:14 | Create | Villager (Male) ×5 |
| 31:11 | Research | Imperial Age |
| 31:18 | Build | Town Center |
| 31:28 | Build | Farm |
| 31:29 | Build | Farm |
| 31:36 | Create | Villager (Male) ×5 |
| 31:41 | Build | Farm |
| 31:56 | Research | Scale Mail Armor |
| 32:00 | Create | Berserk ×2 |
| 32:00 | Create | Berserk ×2 |
| 32:27 | Create | Berserk ×2 |
| 32:27 | Create | Berserk ×2 |
| 32:36 | Build | Monastery |
| 32:48 | Create | Berserk ×3 |
| 32:48 | Create | Berserk ×3 |
| 32:59 | Create | Villager (Male) ×2 |
| 33:14 | Build | Farm |
| 33:17 | Build | Farm |
| 33:20 | Build | Farm |
| 33:21 | Build | Farm |
| 33:24 | Create | Monk |
| 33:36 | Research | Iron Casting |
| 33:40 | Create | Berserk |
| 33:40 | Create | Berserk |
| 33:50 | Build | Farm |
| 34:05 | Create | Villager (Male) ×5 |
| 34:05 | Create | Villager (Male) ×5 |
| 34:15 | Build | Farm |
| 34:21 | Age | Imperial Age |
| 34:25 | Create | Trebuchet (Packed) |
| 34:25 | Create | Trebuchet (Packed) |
| 34:33 | Create | Berserk ×3 |
| 34:34 | Create | Berserk ×3 |
| 34:38 | Build | Farm |
| 35:25 | Create | Trebuchet (Packed) |
| 35:32 | Build | Farm |
Build order — mfubu
First 150 of 225 actions detected
| 0:02 | Create | Villager (Male) |
| 0:02 | Create | Villager (Male) |
| 0:02 | Create | Villager (Male) |
| 0:02 | Create | Villager (Male) |
| 0:04 | Build | House |
| 0:06 | Build | House |
| 1:42 | Create | Villager (Male) |
| 1:47 | Build | Lumber Camp |
| 1:56 | Create | Villager (Male) |
| 2:22 | Create | Villager (Male) |
| 2:50 | Create | Villager (Male) |
| 3:05 | Create | Villager (Male) |
| 3:55 | Build | Mill |
| 3:58 | Create | Villager (Male) |
| 3:58 | Create | Villager (Male) |
| 4:57 | Build | Mill |
| 5:03 | Create | Villager (Male) |
| 5:04 | Create | Villager (Male) |
| 5:49 | Create | Villager (Male) |
| 6:04 | Create | Villager (Male) |
| 6:04 | Create | Villager (Male) |
| 7:03 | Create | Villager (Male) |
| 7:32 | Create | Villager (Male) |
| 7:37 | Build | Mining Camp |
| 7:47 | Create | Villager (Male) |
| 8:21 | Create | Villager (Male) |
| 8:50 | Research | Feudal Age |
| 8:53 | Build | Barracks |
| 8:56 | Build | House |
| 9:42 | Create | Villager (Male) |
| 9:43 | Create | Villager (Male) |
| 11:00 | Age | Feudal Age |
| 11:04 | Build | Market |
| 11:06 | Build | Blacksmith |
| 11:19 | Create | Villager (Male) |
| 11:32 | Build | Farm |
| 12:36 | Research | Castle Age |
| 12:36 | Research | Castle Age |
| 12:53 | Build | Farm |
| 13:14 | Research | Double-Bit Axe |
| 13:21 | Build | Farm |
| 13:40 | Research | Scale Mail Armor |
| 13:53 | Create | Spearman |
| 13:59 | Build | Farm |
| 14:05 | Research | Loom |
| 14:11 | Create | Spearman |
| 15:01 | Build | Farm |
| 15:02 | Build | Farm |
| 15:05 | Build | Farm |
| 15:06 | Build | Farm |
| 15:16 | Age | Castle Age |
| 15:31 | Build | Castle |
| 15:47 | Build | Castle |
| 15:53 | Create | Villager (Male) |
| 15:54 | Create | Villager (Male) |
| 16:23 | Build | House |
| 16:24 | Build | House |
| 16:42 | Research | Horse Collar |
| 16:53 | Research | Arson |
| 17:07 | Build | Farm |
| 17:16 | Create | Obuch ×3 |
| 17:32 | Create | Obuch |
| 17:36 | Build | Mining Camp |
| 17:45 | Create | Villager (Male) |
| 17:45 | Create | Villager (Male) |
| 18:00 | Build | Farm |
| 18:27 | Build | Stable |
| 18:34 | Create | Obuch ×3 |
| 19:15 | Build | Farm |
| 19:15 | Build | Farm |
| 19:15 | Build | Farm |
| 19:15 | Build | Farm |
| 19:16 | Build | Farm |
| 19:25 | Build | House |
| 19:40 | Create | Knight |
| 19:40 | Create | Knight |
| 19:52 | Build | Gate |
| 20:23 | Create | Knight |
| 21:22 | Create | Villager (Male) |
| 21:56 | Create | Knight |
| 23:23 | Build | Siege Workshop |
| 23:43 | Build | Farm |
| 24:21 | Build | House |
| 24:32 | Create | Villager (Male) |
| 24:32 | Create | Villager (Male) |
| 25:24 | Build | Farm |
| 25:24 | Build | Farm |
| 25:25 | Build | Farm |
| 25:36 | Build | House |
| 25:51 | Create | Villager (Male) |
| 25:51 | Create | Villager (Male) |
| 26:09 | Build | Farm |
| 26:17 | Research | Heavy Plow |
| 26:23 | Create | Villager (Male) |
| 26:24 | Create | Villager (Male) |
| 26:36 | Create | Obuch |
| 26:56 | Create | Obuch |
| 26:57 | Create | Obuch |
| 27:03 | Build | House |
| 27:17 | Create | Obuch |
| 27:17 | Create | Obuch |
| 27:51 | Build | Archery Range |
| 28:05 | Build | Gate |
| 28:12 | Build | House |
| 28:40 | Build | Farm |
| 28:57 | Build | House |
| 29:10 | Build | Farm |
| 29:35 | Research | Bloodlines |
| 29:40 | Create | Villager (Male) |
| 29:40 | Create | Villager (Male) |
| 29:46 | Build | Farm |
| 30:30 | Create | Knight ×2 |
| 32:24 | Build | Farm |
| 33:34 | Build | Palisade Gate |
| 33:51 | Create | Villager (Male) |
| 33:51 | Create | Villager (Male) |
| 34:27 | Create | Villager (Male) |
| 34:27 | Create | Villager (Male) |
| 35:33 | Create | Villager (Male) ×2 |
| 36:44 | Create | Villager (Male) |
| 37:42 | Create | Villager (Male) |
| 37:57 | Build | Mill |
| 38:08 | Create | Villager (Male) |
| 38:09 | Create | Villager (Male) |
| 38:44 | Build | Farm |
| 38:44 | Build | Farm |
| 38:44 | Build | Farm |
| 38:44 | Build | Farm |
| 38:59 | Create | Villager (Male) |
| 39:13 | Create | Villager (Male) |
| 39:27 | Create | Villager (Male) |
| 39:27 | Create | Villager (Male) |
| 39:45 | Build | Farm |
| 39:47 | Build | Farm |
| 39:49 | Create | Villager (Male) |
| 39:49 | Create | Villager (Male) |
| 40:36 | Research | Light Cavalry (upgrade) |
| 40:43 | Research | Husbandry |
| 40:45 | Create | Villager (Male) |
| 41:05 | Create | Villager (Male) |
| 41:05 | Create | Villager (Male) |
| 41:36 | Build | Town Center |
| 41:43 | Create | Villager (Male) |
| 42:01 | Research | Scale Barding Armor |
| 42:22 | Create | Villager (Male) |
| 42:23 | Create | Villager (Male) |
| 42:48 | Create | Villager (Male) |
| 42:58 | Create | Villager (Male) |
| 42:58 | Create | Villager (Male) |
| 43:09 | Build | Gate |
Build order — SolMat
First 150 of 214 actions detected
| 0:03 | Create | Villager (Male) |
| 0:03 | Create | Villager (Male) |
| 0:03 | Create | Villager (Male) |
| 0:04 | Create | Villager (Male) |
| 0:04 | Create | Villager (Male) |
| 0:07 | Build | House |
| 0:08 | Build | House |
| 1:26 | Create | Villager (Male) |
| 1:27 | Create | Villager (Male) |
| 1:51 | Create | Villager (Male) |
| 1:51 | Create | Villager (Male) |
| 2:30 | Create | Villager (Male) |
| 2:30 | Create | Villager (Male) |
| 2:47 | Create | Villager (Male) |
| 2:47 | Create | Villager (Male) |
| 3:12 | Create | Villager (Male) |
| 3:12 | Create | Villager (Male) |
| 3:35 | Build | House |
| 3:46 | Create | Villager (Male) |
| 3:46 | Create | Villager (Male) |
| 3:46 | Create | Villager (Male) |
| 4:01 | Build | Mill |
| 4:19 | Build | House |
| 4:21 | Create | Villager (Male) |
| 4:21 | Create | Villager (Male) |
| 4:22 | Create | Villager (Male) |
| 4:22 | Create | Villager (Male) |
| 4:57 | Create | Villager (Male) |
| 4:58 | Create | Villager (Male) |
| 5:50 | Create | Villager (Male) |
| 5:50 | Create | Villager (Male) |
| 5:51 | Create | Villager (Male) |
| 5:51 | Create | Villager (Male) |
| 6:24 | Build | Lumber Camp |
| 6:52 | Create | Villager (Male) |
| 7:18 | Create | Villager (Male) |
| 7:40 | Build | House |
| 7:44 | Create | Villager (Male) |
| 8:06 | Create | Villager (Male) |
| 8:30 | Research | Feudal Age |
| 8:30 | Research | Feudal Age |
| 9:05 | Create | Villager (Male) ×2 |
| 10:40 | Age | Feudal Age |
| 10:55 | Build | Blacksmith |
| 10:57 | Build | Market |
| 11:17 | Build | House |
| 11:33 | Create | Villager (Male) |
| 11:34 | Create | Villager (Male) |
| 12:15 | Create | Villager (Male) |
| 12:57 | Research | Castle Age |
| 12:58 | Research | Castle Age |
| 12:58 | Research | Castle Age |
| 13:15 | Build | Mining Camp |
| 13:38 | Research | Double-Bit Axe |
| 14:00 | Research | Stone Mining |
| 14:55 | Research | Loom |
| 14:57 | Research | Town Watch |
| 15:16 | Research | Fletching |
| 15:37 | Age | Castle Age |
| 16:22 | Build | Farm |
| 16:35 | Build | Farm |
| 16:40 | Build | Farm |
| 16:48 | Build | Farm |
| 17:26 | Build | Castle |
| 17:45 | Build | Farm |
| 17:47 | Create | Villager (Male) |
| 17:47 | Create | Villager (Male) |
| 18:29 | Build | Mining Camp |
| 18:42 | Build | Monastery |
| 18:45 | Create | Villager (Male) |
| 18:45 | Create | Villager (Male) |
| 18:47 | Build | Farm |
| 18:49 | Build | Farm |
| 19:13 | Create | Villager (Male) |
| 19:13 | Create | Villager (Male) |
| 19:25 | Create | Ballista Elephant |
| 19:25 | Create | Ballista Elephant |
| 19:38 | Create | Ballista Elephant |
| 19:38 | Create | Ballista Elephant |
| 19:55 | Create | Monk |
| 19:56 | Create | Monk |
| 20:20 | Create | Ballista Elephant |
| 20:20 | Create | Ballista Elephant |
| 21:21 | Create | Villager (Male) ×3 |
| 21:24 | Build | Farm |
| 21:25 | Build | Farm |
| 22:22 | Build | Town Center |
| 22:26 | Create | Villager (Male) ×3 |
| 23:24 | Build | Castle |
| 23:38 | Create | Ballista Elephant |
| 23:38 | Create | Ballista Elephant |
| 23:39 | Create | Ballista Elephant |
| 23:39 | Create | Ballista Elephant |
| 25:19 | Build | Siege Workshop |
| 25:36 | Create | Petard |
| 25:36 | Create | Petard |
| 25:36 | Create | Petard |
| 25:37 | Create | Petard |
| 25:37 | Create | Petard |
| 25:37 | Create | Petard |
| 25:37 | Create | Petard |
| 27:30 | Create | Villager (Male) |
| 27:30 | Create | Villager (Male) |
| 27:31 | Create | Villager (Male) |
| 27:31 | Create | Villager (Male) |
| 28:51 | Create | Battering Ram |
| 28:52 | Create | Battering Ram |
| 28:52 | Create | Battering Ram |
| 28:52 | Create | Battering Ram |
| 29:01 | Build | University |
| 29:07 | Create | Villager (Male) |
| 30:01 | Create | Battering Ram |
| 30:02 | Create | Battering Ram |
| 30:40 | Create | Battering Ram |
| 30:40 | Create | Battering Ram |
| 30:40 | Create | Battering Ram |
| 31:24 | Research | Murder Holes |
| 31:24 | Research | Murder Holes |
| 31:25 | Research | Murder Holes |
| 32:10 | Create | Battering Ram |
| 32:11 | Create | Battering Ram |
| 32:25 | Create | Villager (Male) |
| 32:26 | Create | Villager (Male) |
| 34:11 | Create | Battering Ram |
| 34:11 | Create | Battering Ram |
| 34:12 | Create | Battering Ram |
| 34:26 | Create | Battering Ram |
| 34:26 | Create | Battering Ram |
| 35:16 | Build | Mining Camp |
| 35:32 | Create | Villager (Male) ×5 |
| 35:39 | Create | Villager (Male) |
| 35:40 | Create | Villager (Male) |
| 35:40 | Create | Villager (Male) |
| 35:40 | Create | Villager (Male) |
| 35:47 | Build | Farm |
| 35:49 | Build | Farm |
| 36:45 | Create | Villager (Male) |
| 36:46 | Create | Villager (Male) |
| 36:46 | Create | Villager (Male) |
| 36:46 | Create | Villager (Male) |
| 36:56 | Build | Farm |
| 37:26 | Build | Farm |
| 37:29 | Build | Farm |
| 37:58 | Build | Farm |
| 37:59 | Build | Farm |
| 38:01 | Create | Villager (Male) |
| 38:02 | Create | Villager (Male) |
| 38:02 | Create | Villager (Male) |
| 39:01 | Build | Farm |
| 39:02 | Build | Farm |
Match timeline
| 8:53 | mfubu · first_building Barracks |
| 10:30 | Surtido Bagley · age_up feudal |
| 10:40 | SolMat · age_up feudal |
| 11:00 | mfubu · age_up feudal |
| 12:04 | SolMat · first_market_sell 100 wood |
| 12:09 | SolMat · first_market_buy 100 food |
| 12:26 | fedeginard · age_up feudal |
| 12:32 | ScottWardo · first_building Barracks |
| 12:53 | Co-Yeyo · age_up feudal |
| 13:39 | Surtido Bagley · first_market_sell 100 wood |
| 15:16 | mfubu · age_up castle |
| 15:31 | mfubu · first_building Castle |
| 15:37 | SolMat · age_up castle |
| 16:16 | ScottWardo · first_building Archery Range |
| 16:23 | Surtido Bagley · age_up castle |
| 16:48 | Co-Yeyo · age_up castle |
| 16:51 | Surtido Bagley · first_building Castle |
| 16:52 | Co-Yeyo · first_building Monastery |
| 17:19 | Surtido Bagley · wall_segment Stone Wall x22 |
| 17:22 | mfubu · first_market_sell 100 stone |
| 17:26 | SolMat · first_building Castle |
| 17:26 | mfubu · first_market_buy 100 food |
| 17:52 | fedeginard · age_up castle |
| 18:27 | mfubu · first_building Stable |
| 18:27 | Surtido Bagley · first_market_buy 100 food |
| 18:42 | SolMat · first_building Monastery |
| 18:58 | fedeginard · first_building Castle |
| 19:43 | Co-Yeyo · first_building Barracks |
| 19:55 | ScottWardo · first_building Siege Workshop |
| 20:31 | Co-Yeyo · first_building Stable |
| 20:34 | fedeginard · wall_segment Palisade Wall x1 |
| 21:14 | Surtido Bagley · wall_segment Stone Wall x1 |
| 21:37 | Co-Yeyo · first_building Archery Range |
| 22:03 | fedeginard · first_building Siege Workshop |
| 22:27 | Surtido Bagley · first_building Barracks |
| 23:17 | fedeginard · first_building Barracks |
| 23:23 | mfubu · first_building Siege Workshop |
| 25:19 | SolMat · first_building Siege Workshop |
| 25:33 | Co-Yeyo · first_building Castle |
| 27:51 | mfubu · first_building Archery Range |
| 28:06 | Co-Yeyo · first_market_buy 100 food |
| 28:35 | ScottWardo · first_building Castle |
| 30:57 | fedeginard · first_market_sell 100 wood |
| 31:03 | fedeginard · first_market_buy 100 food |
| 31:17 | Co-Yeyo · age_up imperial |
| 32:36 | fedeginard · first_building Monastery |
| 34:21 | fedeginard · age_up imperial |
| 34:25 | ScottWardo · resign |
| 39:48 | fedeginard · first_building Archery Range |
| 42:49 | SolMat · first_building Barracks |
| 43:12 | mfubu · wall_segment Stone Wall x1 |
| 43:13 | mfubu · wall_segment Stone Wall x2 |
| 43:24 | Surtido Bagley · age_up imperial |
| 45:24 | Surtido Bagley · wall_segment Stone Wall x4 |
| 45:59 | Surtido Bagley · wall_segment Stone Wall x3 |
| 46:01 | Surtido Bagley · wall_segment Stone Wall x1 |
| 46:56 | Surtido Bagley · wall_segment Stone Wall x1 |
| 48:05 | SolMat · first_building Archery Range |
[ AI ANALYSIS · 1 CREDIT ]
What really happened in this match?
Wolo.gg analyzes every decision: build order, eco, micro, common mistakes by bracket. Personalized analysis on WhatsApp or Discord in 30 seconds.
Civ guide
Aztecs
Perfil
Jugador #554244